 Dungeon Crawl Stone Soup version 0.13.0-21-ge43020b (webtiles) character file.

142 Bloax the Ruffian (level 3, -2/20 HPs)
             Began as a Gargoyle Transmuter on Oct 27, 2013.
             Was a Follower of Cheibriados.
             Killed by divine providence
             ... invoked by an orc priest
              (13 damage)
             ... on Level 4 of the Dungeon.
             The game lasted 00:06:54 (800 turns).

Bloax the Ruffian (Gargoyle Transmuter)              Turns: 800, Time: 00:06:54

HP  -2/20        AC 13     Str 17      XL: 3   Next: 72%
MP   4/4         EV  4     Int 16      God: Cheibriados [*.....]
Gold 94          SH  0     Dex 13      Spells:  1 memorised,  5 levels left

Res.Fire  : . . .   See Invis. : .     - Unarmed
Res.Cold  : . . .   Warding    : .   e - +0 plate armour
Life Prot.: + . .   Conserve   : .   (no shield)
Res.Poison: +       Res.Corr.  : .   (no helmet)
Res.Elec. : +       Clarity    : .   (no cloak)
Sust.Abil.: . .     Spirit.Shd : .   (no gloves)
Res.Mut.  : .       Stasis     : .   (no boots)
Res.Rott. : +       Flight     : .   (no amulet)
Saprovore : . . .                    (no ring)
                                     c - cursed ring of regeneration

@: very slow, not resistant to hostile enchantments, extremely unstealthy
A: fangs 1, talons 2, life protection 1, electricity resistance, slow metabolism
1, unbreathing, petrification resistance, AC +3
a: Bend Time, Renounce Religion


You were on level 4 of the Dungeon.
You worshipped Cheibriados.
Cheibriados was aware of your devotion.
You were not hungry.

You visited 1 branch of the dungeon, and saw 4 of its levels.

You collected 74 gold pieces.


Innate Abilities, Weirdness & Mutations

You are resistant to torment.
You are immune to poison.
Your stone body is very resilient (AC +3).
You have very sharp teeth.
You have razor-sharp toenails.
You resist negative energy.
You are resistant to electric shocks.
You have a slow metabolism.
You can survive without breathing.
You are immune to petrification.


   Skills:
 * Level 2.4 Fighting
 * Level 1.5 Armour
 - Level 1.8 Dodging
 * Level 3.7 Unarmed Combat
 - Level 2.0 Spellcasting
 - Level 1.5 Transmutations
 + Level 0.0 Invocations


You had 5 spell levels left.
You knew the following spells:

 Your Spells              Type           Power        Failure   Level  Hunger
a - Beastly Appendage     Trmt           #.....       100%        1    #......


Dungeon Overview and Level Annotations

Branches:
Dungeon (4/27)
 Temple: D:4-7

Altars:
Cheibriados

Inventory:

Missiles
 b - 12 arrows
Armour
 e - a +0 plate armour (worn)
   (You found it on level 1 of the Dungeon)
Comestibles
 a - a bread ration
Jewellery
 c - a cursed ring of regeneration (left hand)
   (You found it on level 1 of the Dungeon)
 g - an uncursed ring of fire
   (You found it on level 4 of the Dungeon)
Books
 d - a book of Changes

   Spells                             Type                      Level
   *Beastly Appendage                 Transmutation                1
   Sticks to Snakes                   Transmutation                2
   Spider Form                        Transmutation/Poison         3
   Ice Form                           Ice/Transmutation            4
   Blade Hands                        Transmutation                5

#..........#**,+,,, ,,,,,,*
#...........,,,*,,,,,,,,,,*
#..........#****,,,,,,,,>,*
** #.##***** ***##.,, ***
#..#### ######...#*****
##.o..# ##.........>,,,*
########'###..........,,,,*
###.......oo..o..........,,,*
..'...........#.@........,,,*
###...........#.b.....[..,,,*
#...........#.........,,,,*
#...........#.........,,,,*
#...........#....!...>,,,,*
#..........##........, ,,,*
####################*******


You could see an orc priest, 2 orcs and a bat.


Message History

A ball python comes into view.
You see here 18 gold pieces.
You now have 94 gold pieces (gained 18).
The ball python bites you but does no damage.
The ball python barely misses you.
You closely miss the ball python.
The ball python bites you but does no damage.
The ball python grabs you. The ball python constricts you.
You hit the ball python.
You kill the ball python!
Cheibriados appreciates the change of pace.
No target in view!
A goblin comes into view. It is wielding an orcish dagger.
The goblin shouts!
A rat comes into view.
The goblin hits you but does no damage.
You completely miss the goblin. The goblin hits you but does no damage.
You hit the goblin.
You kill the goblin!
Cheibriados appreciates the change of pace.
You hit the rat but do no damage. The rat bites you but does no damage.
The rat bites you but does no damage.
You hit the rat.
You kill the rat!
Cheibriados appreciates the change of pace.
Things that are here:
an orcish dagger; a goblin corpse As you open the door, it creaks loudly!
A goblin comes into view.
The goblin shouts!
There is an open door here.
The goblin hits you but does no damage.
You completely miss the goblin. You bite the goblin.
The goblin is heavily wounded.
The goblin completely misses you. The goblin hits you but does no damage.
Your plate armour prevents you from hitting the goblin.
The goblin is heavily wounded.
The goblin barely misses you.
You hit the goblin.
You kill the goblin!
Cheibriados thoroughly appreciates the change of pace.
You open the door.
There is an open door here. 2 orcs and an orc priest come into view.
The orc shouts!
The orc priest glows brightly for a moment.
Found 13 gold pieces.
There is an open door here.
You aren't carrying any items that can be evoked.
Read which item? (? for menu, Esc to quit)
Okay, then.
You aren't carrying any potions.
You close the door.
An orc opens the door.
The orc priest looks braver.
Found an emulsified red potion.
A bat comes into view.
The orc hits you but does no damage. The bat hits you but does no damage.
The orc priest calls down the wrath of Beogh upon you.
Something smites you!
Ouch! That really hurt!
* * * LOW HITPOINT WARNING * * *
The bat barely misses you.
Found an elven ring mail.
The bat hits you but does no damage.
The orc priest calls down the wrath of Beogh upon you.
Something smites you!
Ouch! That really hurt!
You die...

Action                   || total
-------------------------++-------
Melee: Unarmed           ||   100
  Use: Scroll            ||     4

Vault maps used:
D:1:      matt_entry_spirals, hangedman_decor_slide_cut, cheibriados_altar_1
D:2:      lexackson_kobold_supper
D:3:      grunt_ministairs_1, jiyva_altar_1, uniq_terence
D:4:      first_bread

Notes
Turn   | Place    | Note
--------------------------------------------------------------
     0 | D:1      | Bloax, the Gargoyle Transmuter, began the quest for the Orb.
     0 | D:1      | Reached XP level 1. HP: 12/12 MP: 1/1
    65 | D:1      | Reached XP level 2. HP: 13/16 MP: 3/3
    88 | D:1      | Found a snail-covered altar of Cheibriados.
    96 | D:1      | Became a worshipper of Cheibriados the Contemplative
   169 | D:1      | i
   169 | D:1      | i think the game has compensated for that game
   309 | D:1      | Reached skill level 2 in Fighting
   515 | D:1      | Acquired Cheibriados' first power
   602 | D:1      | Reached XP level 3. HP: 20/20 MP: 4/4
   643 | D:3      | Reached skill level 1 in Armour
   717 | D:3      | You fall through a shaft!
   800 | D:4      | Killed from afar by an orc priest

Vanquished Creatures
  An adder (D:3)
  2 giant geckos
  An orc (D:3)
  7 bats
  A giant cockroach (D:3)
  6 goblins
  3 hobgoblins
  2 jackals (D:1)
  2 ball pythons
  3 giant newts (D:1)
  5 kobolds
  4 rats
37 creatures vanquished.
